[Event "Thursday Night Engine Tour 11 Rd Swiss 5m+1s Starts at 2200hrs ST"]
[Site "Infinity Chess"]
[Date "2018.1.19"]
[Round "10"]
[White "Victorious"]
[Black "star99"]
[Result "1/2-1/2"]
[ECO "A50"]
[WhiteElo "2526"]
[BlackElo "2467"]
[WhiteEngine "BugChess2.41_Release"]
[BlackEngine "Cryptic AIL V1"]
[EventType "Swiss"]
[WhiteTeam ""]
[BlackTeam ""]
[PlyCount "109"]
[TimeControl "300+1"]

1. d4 Nf6 2. c4 c6 3. Nf3 d5 4. e3 Bf5 5. Nc3 e6 6. Nh4 Bg6 7. Nxg6 hxg6 
8. a3 Bd6 9. c5 Bc7 10. g3 Nbd7 11. Bg2 e5 12. b4 O-O 13. O-O Re8 14. f4 exd4 
15. exd4 Nf8 16. Bh3 Ne6 17. Re1 b6 18. Bxe6 Rxe6 19. Rxe6 fxe6 20. Qd3 bxc5 
21. bxc5 Ba5 22. Nd1 Ne4 23. Nf2 Nxf2 24. Kxf2 Rb8 25. Qxg6 Bc3 26. Qxe6+ Kf8 
27. Ra2 Bxd4+ 28. Kf3 Qe8 29. Qxe8+ Kxe8 30. Kg4 Kf7 31. h4 Rb5 32. Rc2 Rxc5 
33. Rxc5 Bxc5 34. h5 g6 35. h6 Bd4 36. a4 Kg8 37. Kg5 Kf7 38. Kg4 c5 39. Kf3 Kg8 
40. g4 c4 41. Ba3 g5 42. fxg5 Kf7 43. Bd6 Kg6 44. Bf8 a6 45. Be7 Bb2 
46. Bf6 Bxf6 47. gxf6 Kxh6 48. Ke3 c3 49. Kd3 d4 50. a5 Kg6 51. g5 Kf7 
52. Kc2 Kg6 53. Kd3 Kf7 54. Kc2 Kg6 55. Kd3 1/2-1/2

[Event "Thursday Night Engine Tour 11 Rd Swiss 5m+1s Starts at 2200hrs ST"]
[Site "Infinity Chess"]
[Date "2018.1.19"]
[Round "10"]
[White "RonWeasley"]
[Black "Coco69"]
[Result "1/2-1/2"]
[ECO "C55"]
[WhiteElo "2488"]
[BlackElo "2493"]
[WhiteEngine "BrainFish 130117_CTG"]
[BlackEngine "Raubfisch X37b3."]
[EventType "Swiss"]
[WhiteTeam ""]
[BlackTeam ""]
[PlyCount "78"]
[TimeControl "300+1"]

1. e4 e5 2. Nf3 Nc6 3. Bc4 Nf6 4. d3 Bc5 5. c3 a5 6. Bg5 h6 7. Bh4 g5 8. Bg3 d6 
9. O-O O-O 10. Na3 Be6 11. Bxe6 fxe6 12. d4 Bxa3 13. bxa3 Qe8 14. dxe5 Nxe4 
15. exd6 cxd6 16. Qd3 d5 17. c4 Rd8 18. Rab1 Nc5 19. Qe2 Qg6 20. Rb5 Qe4 
21. Qxe4 dxe4 22. Nxg5 hxg5 23. Rxc5 Rf5 24. Rb5 Rd2 25. Rxb7 Nd4 26. Rbb1 Ne2+ 
27. Kh1 Nxg3+ 28. fxg3 Rxa2 29. Rxf5 exf5 30. Rc1 Rxa3 31. c5 Rd3 32. c6 Rd8 
33. Kg1 a4 34. Kf2 a3 35. Ke3 Rd3+ 36. Kf2 Rd2+ 37. Ke3 Rd3+ 38. Kf2 Rd2+ 
39. Ke3 Rd3+ 1/2-1/2

[Event "Thursday Night Engine Tour 11 Rd Swiss 5m+1s Starts at 2200hrs ST"]
[Site "Infinity Chess"]
[Date "2018.1.19"]
[Round "10"]
[White "ocirema"]
[Black "neófito"]
[Result "1/2-1/2"]
[ECO "D31"]
[WhiteElo "2486"]
[BlackElo "2516"]
[WhiteEngine "stockfish_18011309_x64_modern_CTG"]
[BlackEngine "BrainFish_180113_x64_bmi2"]
[EventType "Swiss"]
[WhiteTeam ""]
[BlackTeam ""]
[PlyCount "145"]
[TimeControl "300+1"]

1. d4 d5 2. c4 e6 3. Nc3 c6 4. e4 dxe4 5. Nxe4 Bb4+ 6. Bd2 Qxd4 7. Bxb4 Qxe4+ 
8. Be2 Na6 9. Ba5 b6 10. Qd6 Bd7 11. Bc3 f6 12. Nf3 Nh6 13. Rd1 Rd8 14. Qa3 Bc8 
15. Nd2 Qf4 16. Bh5+ Nf7 17. O-O c5 18. Qa4+ Ke7 19. Rfe1 Ng5 20. Re3 Rd6 
21. Rde1 Rhd8 22. Nf3 Kf8 23. a3 Nf7 24. h3 Rd3 25. Rxd3 Rxd3 26. Be5 fxe5 
27. Bxf7 Nc7 28. Bg6 Rxf3 29. Qxa7 Qd2 30. Rf1 hxg6 31. Qxc7 Rb3 32. Qxc8+ Kf7 
33. Qb7+ Kf6 34. Qb8 Kf7 35. Qxe5 Rxb2 36. Qb8 Qd4 37. Qb7+ Kg8 38. Qc8+ Kf7 
39. a4 Qxc4 40. Rd1 Rd2 41. Re1 Re2 42. Rd1 Rd2 43. Re1 Qd5 44. Qc7+ Kg8 
45. Qxb6 Rd1 46. Rxd1 Qxd1+ 47. Kh2 Qxa4 48. Qxc5 Qf4+ 49. Kg1 Qf5 50. Qc7 Qf6 
51. Qc8+ Kh7 52. Qc5 Kg8 53. Qe3 g5 54. f3 Qf5 55. Qa7 Qd5 56. Qc7 Kh7 
57. Qc3 Kg6 58. Qc2+ Kh6 59. Kh1 Qd4 60. Qc1 Kg6 61. Qc2+ Kh6 62. g3 g6 
63. Qe2 Kg7 64. Qxe6 Qf2 65. f4 Qxg3 66. Qe5+ Kg8 67. Qe8+ Kh7 68. Qe7+ Kh6 
69. Qxg5+ Qxg5 70. fxg5+ Kxg5 71. Kh2 Kh4 72. Kg2 g5 73. Kh2 1/2-1/2

[Event "Thursday Night Engine Tour 11 Rd Swiss 5m+1s Starts at 2200hrs ST"]
[Site "Infinity Chess"]
[Date "2018.1.19"]
[Round "10"]
[White "Dovahkiin"]
[Black "Zor"]
[Result "1/2-1/2 "]
[ECO "A00"]
[WhiteElo "2437"]
[BlackElo "2577"]
[WhiteEngine "BrainFish_180113_x64_modern_CTG"]
[BlackEngine "Cryptic AIL V1"]
[EventType "Swiss"]
[WhiteTeam ""]
[BlackTeam ""]
[PlyCount "140"]
[TimeControl "300+1"]

1. e3 e5 2. e4 Nf6 3. Nc3 Bb4 4. Nf3 O-O 5. Nxe5 d5 6. Nd3 Bxc3 7. dxc3 dxe4 
8. Nf4 Qxd1+ 9. Kxd1 Rd8+ 10. Ke1 Nc6 11. Ne2 h6 12. Ng3 a5 13. f3 Re8 
14. Kf2 Bd7 15. Nxe4 Nxe4+ 16. fxe4 Rxe4 17. Bd3 Re6 18. Re1 Ne5 19. Be2 Bc6 
20. Bf4 Rf6 21. Kg3 Rg6+ 22. Kh4 Re6 23. Kg3 Rg6+ 24. Kh4 Re8 25. Bh5 Rge6 
26. Kg3 g5 27. Bxe5 Rxe5 28. Rxe5 Rxe5 29. Rd1 Bd5 30. a3 Kf8 31. Bg4 f5 
32. Bf3 f4+ 33. Kf2 Bxf3 34. Kxf3 Ke7 35. h4 Rb5 36. hxg5 hxg5 37. Rb1 b6 
38. g3 fxg3 39. Kxg3 Kf6 40. a4 Re5 41. Kf3 Kf5 42. Rg1 Re6 43. c4 Rd6 
44. Re1 Re6 45. Rd1 Rd6 46. Rh1 Rd4 47. b3 Rh4 48. Rd1 g4+ 49. Kg2 Rh3 
50. Rd7 Kf4 51. Rf7+ Ke5 52. Rxc7 Kf4 53. Rf7+ Kg5 54. Rg7+ Kf4 55. Rg6 Rc3 
56. Kf1 Rxc2 57. Rxb6 g3 58. Kg1 Rc1+ 59. Kg2 Rc2+ 60. Kf1 Kf3 61. Rf6+ Ke3 
62. c5 g2+ 63. Kg1 Rxc5 64. Kxg2 Rc2+ 65. Kg3 Rc3 66. Rb6 Rc1 67. Rb5 Rc3 
68. Rxa5 Rxb3 69. Ra8 Ke4+ 70. Kg4 Rb1 1/2-1/2

[Event "Thursday Night Engine Tour 11 Rd Swiss 5m+1s Starts at 2200hrs ST"]
[Site "Infinity Chess"]
[Date "2018.1.19"]
[Round "9"]
[White "OlivierEvan"]
[Black "klasman"]
[Result "1/2-1/2"]
[ECO "E10"]
[WhiteElo "2419"]
[BlackElo "2458"]
[WhiteEngine "Houdini 6"]
[BlackEngine "Raubfisch ME262_GTZ16b2"]
[EventType "Swiss"]
[WhiteTeam ""]
[BlackTeam ""]
[PlyCount "110"]
[TimeControl "300+1"]

1. d4 Nf6 2. c4 e6 3. Nf3 d5 4. Nc3 c6 5. Bg5 h6 6. Bxf6 Qxf6 7. e3 Nd7 
8. Be2 g6 9. O-O Bg7 10. e4 dxe4 11. Nxe4 Qf4 12. Qc2 f5 13. Ned2 c5 14. g3 Qc7 
15. Nh4 Bxd4 16. Nxg6 Rg8 17. Nh4 Nf6 18. Ndf3 Rxg3+ 19. hxg3 Qxg3+ 20. Ng2 Ng4 
21. Qd2 Bxf2+ 22. Rxf2 Qxf2+ 23. Kh1 Bd7 24. Rf1 Qg3 25. Qe1 Qxe1 26. Nfxe1 Ne5 
27. Nf3 Ng6 28. Kg1 Bc6 29. Nfe1 Ke7 30. Bf3 Bxf3 31. Nxf3 h5 32. Kf2 Rh8 
33. Rh1 Kf6 34. Ngh4 Nxh4 35. Nxh4 Rg8 36. Ng2 Rh8 37. Nf4 h4 38. Ng2 Kg5 
39. Ne1 Kf6 40. Nf3 h3 41. Ng1 h2 42. Nf3 e5 43. Nxh2 Rh4 44. b3 Rh3 45. Kg2 Rc3 
46. Nf1 e4 47. Ng3 Rc2+ 48. Kf1 Rc1+ 49. Ke2 Rxh1 50. Nxh1 f4 51. Nf2 Ke5 
52. Nh3 Kf5 53. Nf2 Ke5 54. Ng4+ Kf5 55. Nf2 Ke5 1/2-1/2

[Event "Thursday Night Engine Tour 11 Rd Swiss 5m+1s Starts at 2200hrs ST"]
[Site "Infinity Chess"]
[Date "2018.1.19"]
[Round "9"]
[White "ludimilojko"]
[Black "Victorious"]
[Result "1/2-1/2"]
[ECO "C50"]
[WhiteElo "2371"]
[BlackElo "2532"]
[WhiteEngine "CorChess 2.0_x64_CTG"]
[BlackEngine "BugChess2.41_Release"]
[EventType "Swiss"]
[WhiteTeam ""]
[BlackTeam ""]
[PlyCount "141"]
[TimeControl "300+1"]

1. e4 e5 2. Nf3 Nc6 3. Bc4 Bc5 4. d3 Nf6 5. c3 O-O 6. O-O d6 7. h3 a5 8. Nbd2 h6 
9. Re1 Be6 10. a4 Bxc4 11. Nxc4 Re8 12. Be3 Bxe3 13. Rxe3 Qd7 14. Qc2 Nh5 
15. Qb3 Nf4 16. Rd1 Reb8 17. d4 exd4 18. Nxd4 Nxd4 19. cxd4 b5 20. axb5 Rxb5 
21. Qa4 Qe8 22. d5 Rb4 23. Qc2 Qe7 24. Kh2 a4 25. g3 Ng6 26. Kg2 Qg5 
27. Nd2 Rab8 28. Rb1 h5 29. Nf3 Qe7 30. h4 Ne5 31. Nxe5 Qxe5 32. Rbe1 f5 
33. Qxc7 Rxb2 34. Rf3 a3 35. Rxa3 fxe4 36. Re2 Rxe2 37. Qxb8+ Kh7 38. Ra8 e3 
39. Qg8+ Kg6 40. Rf8 exf2 41. Qf7+ Kh7 42. Qf5+ Qxf5 43. Rxf5 Kh6 44. Rf7 Re5 
45. Rxf2 Rxd5 46. Rf4 Rc5 47. Re4 Re5 48. Ra4 Rd5 49. Kf3 Kg6 50. g4 hxg4+ 
51. Rxg4+ Kf6 52. Ke4 Rd2 53. h5 Kf7 54. Rg5 Rf2 55. Kd5 Kf6 56. Rg6+ Kf7 
57. Rg5 Rd2+ 58. Ke4 Rd1 59. Rf5+ Kg8 60. Rg5 Kh7 61. Kf3 d5 62. Ke2 Rd4 
63. Kf2 Rf4+ 64. Kg3 Rd4 65. Kf2 Rd2+ 66. Ke3 Rd1 67. Ke2 Rc1 68. Rxd5 Rc3 
69. Rg5 Rb3 70. Kf2 Ra3 71. Kg2 1/2-1/2

[Event "Thursday Night Engine Tour 11 Rd Swiss 5m+1s Starts at 2200hrs ST"]
[Site "Infinity Chess"]
[Date "2018.1.19"]
[Round "9"]
[White "tris77"]
[Black "star99"]
[Result "1-0"]
[ECO "B90"]
[WhiteElo "2415"]
[BlackElo "2486"]
[WhiteEngine "Raubfisch X37b_CTG"]
[BlackEngine "Cryptic AIL V1"]
[EventType "Swiss"]
[WhiteTeam ""]
[BlackTeam ""]
[PlyCount "217"]
[TimeControl "300+1"]

1. e4 c5 2. Nf3 d6 3. d4 cxd4 4. Nxd4 Nf6 5. Nc3 a6 6. Be3 e5 7. Nb3 Be7 
8. f3 Be6 9. Qd2 O-O 10. O-O-O Nbd7 11. g4 Qc7 12. g5 Nh5 13. Kb1 b5 
14. Nd5 Bxd5 15. exd5 Nb6 16. Na5 Nxd5 17. Qxd5 Qxa5 18. Bd3 g6 19. Qb7 Qd8 
20. Rhg1 Nf4 21. Bxf4 exf4 22. Be4 Rc8 23. Qxa6 Rc5 24. h4 Qc7 25. Rge1 h6 
26. h5 Rxg5 27. hxg6 fxg6 28. Rg1 Kg7 29. Rxg5 hxg5 30. Qxb5 Bf6 31. Qc6 Qxc6 
32. Bxc6 g4 33. fxg4 Rb8 34. b3 Kh6 35. c4 Kg5 36. Bf3 Rh8 37. Rd5+ Kh4 
38. Rd3 Rb8 39. Kc2 Bd8 40. Rxd6 Kg3 41. Rd3 Be7 42. g5 Kh4 43. Rd5 Ba3 
44. Ra5 Be7 45. Rd5 Ba3 46. Ra5 Kg3 47. Be4 Bb4 48. Rb5 Re8 49. Bd3 Bd6 
50. c5 Be5 51. Rb6 Rh8 52. b4 Rh2+ 53. Kb3 Rd2 54. Ba6 f3 55. Rxg6 Kf4 
56. Rg8 Rb2+ 57. Ka3 f2 58. g6 Rd2 59. Re8 Rd7 60. Rf8+ Ke3 61. Kb3 Rg7 
62. Rf5 Bf4 63. Rf6 Ke4 64. a4 Ke5 65. Rb6 Bg5 66. Bc4 Bf6 67. c6 Bd8 
68. Rb8 Bc7 69. Re8+ Kd4 70. Re6 Be5 71. a5 Bc7 72. a6 Bb6 73. c7 Rxc7 
74. Rxb6 Rxc4 75. Rf6 Rc3+ 76. Ka4 Rc6 77. Rxf2 Rxa6+ 78. Kb3 Rxg6 79. Rd2+ Ke4 
80. b5 Rg4 81. Rd7 Ke5 82. b6 Ke6 83. Rd8 Rg1 84. Kc4 Rc1+ 85. Kb5 Rb1+ 
86. Kc6 Rc1+ 87. Kb7 Rc4 88. Ka6 Rc2 89. Rd4 Ke5 90. Ra4 Rc6 91. Ka7 Rg6 
92. b7 Rg7 93. Ka8 Rg8+ 94. b8=Q+ Rxb8+ 95. Kxb8 Kd5 96. Kb7 Kc5 97. Kc7 Kb5 
98. Rd4 Kc5 99. Rd6 Kb4 100. Kc6 Kc4 101. Kb6 Kb3 102. Kc5 Kc3 103. Kb5 Kb2 
104. Kb4 Kc2 105. Rd8 Kb2 106. Rc8 Ka1 107. Rc2 Kb1 108. Kb3 Ka1 109. Rc1# 1-0

[Event "Thursday Night Engine Tour 11 Rd Swiss 5m+1s Starts at 2200hrs ST"]
[Site "Infinity Chess"]
[Date "2018.1.19"]
[Round "9"]
[White "Coco69"]
[Black "BraveDevil"]
[Result "1/2-1/2"]
[ECO "B90"]
[WhiteElo "2493"]
[BlackElo "2499"]
[WhiteEngine "Raubfisch X37b3._CTG"]
[BlackEngine "Cryptic AIL V1"]
[EventType "Swiss"]
[WhiteTeam ""]
[BlackTeam ""]
[PlyCount "98"]
[TimeControl "300+1"]

1. e4 c5 2. Nf3 d6 3. d4 cxd4 4. Nxd4 Nf6 5. Nc3 a6 6. Be3 e5 7. Nb3 Be7 
8. Be2 Be6 9. O-O O-O 10. Qd3 Nc6 11. a3 Rc8 12. Nd5 Nd7 13. Qd2 h6 14. Rad1 Bg5 
15. Bxg5 Qxg5 16. Qxg5 hxg5 17. h3 g6 18. Rd2 Rfd8 19. Rfd1 Kf8 20. f3 Bxd5 
21. Rxd5 Nb6 22. R5d2 Na4 23. c3 Ke7 24. Rc2 Nc5 25. Nxc5 dxc5 26. Rb1 b5 
27. b3 Rb8 28. Kf2 f6 29. Ra1 Na5 30. Rb2 c4 31. bxc4 Nxc4 32. Bxc4 bxc4 
33. Rb4 Rxb4 34. axb4 Rd2+ 35. Kg3 Rb2 36. Rxa6 Rb3 37. Rc6 Rxc3 38. Kg4 Rc2 
39. g3 c3 40. b5 Rb2 41. Rxc3 Rxb5 42. Rc6 Rb3 43. Rc7+ Kf8 44. Rc8+ Ke7 
45. Rc7+ Kf8 46. Rc5 Kg8 47. Rc1 Kf8 48. Rc6 Kg7 49. Rc7+ Kf8 1/2-1/2

[Event "Thursday Night Engine Tour 11 Rd Swiss 5m+1s Starts at 2200hrs ST"]
[Site "Infinity Chess"]
[Date "2018.1.19"]
[Round "9"]
[White "ocirema"]
[Black "KULLANI"]
[Result "1/2-1/2"]
[ECO "D15"]
[WhiteElo "2488"]
[BlackElo "2447"]
[WhiteEngine "stockfish_18011309_x64_modern_CTG"]
[BlackEngine "BrainFish_180113_x64_CTG"]
[EventType "Swiss"]
[WhiteTeam ""]
[BlackTeam ""]
[PlyCount "74"]
[TimeControl "300+1"]

1. d4 d5 2. c4 c6 3. Nf3 Nf6 4. Nc3 e6 5. Bg5 h6 6. Bxf6 Qxf6 7. e3 Nd7 
8. Be2 dxc4 9. Bxc4 g6 10. O-O Bg7 11. e4 e5 12. d5 Nb6 13. Nd2 O-O 14. Bb3 Qd8 
15. Qe2 cxd5 16. Bxd5 Nxd5 17. Nxd5 Be6 18. Rfd1 Kh7 19. Nc4 Qg5 20. Nc7 Bh3 
21. Ne3 Rad8 22. Rxd8 Qxd8 23. Qc2 Qg5 24. Qb3 Bc8 25. Rc1 f5 26. Ne6 Bxe6 
27. Qxe6 f4 28. Nd5 f3 29. Ne3 fxg2 30. Rc7 Qf4 31. Ng4 Qd2 32. Kxg2 Qf4 
33. Qd7 Qxe4+ 34. Kf1 Qb1+ 35. Kg2 Qe4+ 36. Kf1 Qb1+ 37. Kg2 Qe4+ 1/2-1/2

[Event "Thursday Night Engine Tour 11 Rd Swiss 5m+1s Starts at 2200hrs ST"]
[Site "Infinity Chess"]
[Date "2018.1.19"]
[Round "9"]
[White "incredible"]
[Black "neófito"]
[Result "0-1 "]
[ECO "D31"]
[WhiteElo "2504"]
[BlackElo "2500"]
[WhiteEngine "Stockfish_x64_bmi2"]
[BlackEngine "BrainFish_180113_x64_bmi2"]
[EventType "Swiss"]
[WhiteTeam ""]
[BlackTeam ""]
[PlyCount "38"]
[TimeControl "300+1"]

1. d4 d5 2. c4 e6 3. Nc3 c6 4. Nf3 Nf6 5. Bg5 h6 6. Bxf6 Qxf6 7. e3 g6 
8. Bd3 Nd7 9. Rc1 dxc4 10. Bxc4 Bg7 11. e4 e5 12. d5 Nb6 13. Bb3 O-O 14. O-O Bg4 
15. h3 Bxf3 16. Qxf3 Qxf3 17. gxf3 Rfc8 18. dxc6 bxc6 19. Rfd1 Bf8 0-1

[Event "Thursday Night Engine Tour 11 Rd Swiss 5m+1s Starts at 2200hrs ST"]
[Site "Infinity Chess"]
[Date "2018.1.19"]
[Round "9"]
[White "Zor"]
[Black "RonWeasley"]
[Result "1/2-1/2"]
[ECO "E10"]
[WhiteElo "2581"]
[BlackElo "2484"]
[WhiteEngine "Cryptic AIL V1"]
[BlackEngine "BrainFish 130117_CTG"]
[EventType "Swiss"]
[WhiteTeam ""]
[BlackTeam ""]
[PlyCount "68"]
[TimeControl "300+1"]

1. d4 Nf6 2. c4 e6 3. Nf3 d5 4. Nc3 c6 5. Bg5 h6 6. Bh4 dxc4 7. e4 g5 8. Bg3 b5 
9. Ne5 Bb7 10. h4 g4 11. Be2 Nbd7 12. Bxg4 Nxe5 13. Bxe5 Rg8 14. Bf3 Nd7 
15. Bg3 Qb6 16. O-O O-O-O 17. Kh1 Rxg3 18. fxg3 Ne5 19. Bh5 Rxd4 20. Qe2 c5 
21. Bxf7 Bg7 22. Qh5 a6 23. a4 b4 24. Ne2 Rd7 25. a5 Qd6 26. Rad1 Qe7 
27. Rxd7 Qxd7 28. Bg6 Qd3 29. Kh2 Kb8 30. Bh7 Ka7 31. Rc1 Qe3 32. Rf1 Qd3 
33. Rc1 Qe3 34. Rf1 Qd3 1/2-1/2

[Event "Thursday Night Engine Tour 11 Rd Swiss 5m+1s Starts at 2200hrs ST"]
[Site "Infinity Chess"]
[Date "2018.1.18"]
[Round "8"]
[White "tris77"]
[Black "Dovahkiin"]
[Result "1/2-1/2"]
[ECO "B90"]
[WhiteElo "2414"]
[BlackElo "2438"]
[WhiteEngine "Raubfisch X37b_CTG"]
[BlackEngine "BrainFish_180113_x64_modern_CTG"]
[EventType "Swiss"]
[WhiteTeam ""]
[BlackTeam ""]
[PlyCount "89"]
[TimeControl "300+1"]

1. e4 c5 2. Nf3 d6 3. d4 cxd4 4. Nxd4 Nf6 5. Nc3 a6 6. Be3 e5 7. Nb3 Be6 
8. f3 h5 9. Nd5 Bxd5 10. exd5 Nbd7 11. Qd2 g6 12. Na5 Bg7 13. Nxb7 Qb8 
14. Na5 Qxb2 15. Rd1 e4 16. Bd4 Qb8 17. Nc6 Qc7 18. Be2 O-O 19. O-O Rfe8 
20. c4 exf3 21. Bxf3 Ne4 22. Qf4 f5 23. Bxg7 Kxg7 24. Nd4 Ndf6 25. Ne6+ Rxe6 
26. dxe6 Qc5+ 27. Kh1 Re8 28. Qc1 Rxe6 29. Bxe4 Nxe4 30. Qb2+ Re5 31. Rf3 Kf7 
32. Rc1 g5 33. Rff1 g4 34. Qb7+ Kg6 35. Qxa6 h4 36. Qa8 Nf2+ 37. Rxf2 Qxf2 
38. Qg8+ Kh6 39. Qf8+ Kh5 40. Qh8+ Kg5 41. Qg7+ Kh5 42. Qf7+ Kg5 43. Qg7+ Kh5 
44. Qh8+ Kg5 45. Qg7+ 1/2-1/2

[Event "Thursday Night Engine Tour 11 Rd Swiss 5m+1s Starts at 2200hrs ST"]
[Site "Infinity Chess"]
[Date "2018.1.18"]
[Round "8"]
[White "RonWeasley"]
[Black "ludimilojko"]
[Result "1-0"]
[ECO "C53"]
[WhiteElo "2472"]
[BlackElo "2383"]
[WhiteEngine "BrainFish 130117_CTG"]
[BlackEngine "CorChess 2.0_x64_CTG"]
[EventType "Swiss"]
[WhiteTeam ""]
[BlackTeam ""]
[PlyCount "155"]
[TimeControl "300+1"]

1. e4 e5 2. Nf3 Nc6 3. Bc4 Bc5 4. c3 Nf6 5. d3 a5 6. Bg5 d6 7. O-O Ba7 8. Na3 h6 
9. Bh4 O-O 10. Kh1 Qe7 11. Nc2 Be6 12. Bb5 Bg4 13. h3 Bh5 14. g4 Bg6 
15. Ne3 Bxe3 16. fxe3 Nd8 17. Ng1 Ne6 18. Bxf6 gxf6 19. Ne2 d5 20. exd5 Qc5 
21. a4 Qxd5+ 22. e4 Qc5 23. Qc1 Kg7 24. Ng3 Rh8 25. Nf5+ Bxf5 26. Rxf5 Rad8 
27. Bc4 Qc6 28. Qe3 Nf4 29. Rf1 Qd6 30. d4 Rd7 31. Qf3 c5 32. d5 Rg8 
33. Kg1 Rdd8 34. Kf2 Kh7 35. Ke1 Rg5 36. Kd2 Rdg8 37. Kc1 Rxf5 38. gxf5 Qb6 
39. h4 Rg2 40. Rf2 Rg1+ 41. Kc2 h5 42. Bb5 Rg4 43. Rd2 Qd6 44. Rh2 Kg8 
45. Qd1 Kf8 46. Kb1 c4 47. Bxc4 Qc5 48. d6 Rg1 49. Bf1 Ke8 50. Ka2 Kd8 
51. Rd2 Qc6 52. d7 b6 53. Ka3 Rh1 54. Qe1 Qc5+ 55. Kb3 b5 56. Ka2 bxa4 
57. Qd1 Qe3 58. Qxa4 Qxd2 59. Bb5 Rd1 60. Qxa5+ Ke7 61. Qa8 Qxd7 62. Bxd7 Rxd7 
63. Qa3+ Ke8 64. b4 Kf8 65. b5+ Kg7 66. b6 Ne2 67. Kb3 Ng3 68. Qa8 Rd6 
69. b7 Rb6+ 70. Ka4 Nxe4 71. Ka5 Rb2 72. b8=Q Ra2+ 73. Kb6 Rxa8 74. Qxa8 Nf2 
75. Qg2+ Ng4 76. c4 Kf8 77. c5 Nh6 78. Qa8+ 1-0

[Event "Thursday Night Engine Tour 11 Rd Swiss 5m+1s Starts at 2200hrs ST"]
[Site "Infinity Chess"]
[Date "2018.1.18"]
[Round "8"]
[White "KULLANI"]
[Black "Victorious"]
[Result "1/2-1/2"]
[ECO "C53"]
[WhiteElo "2443"]
[BlackElo "2536"]
[WhiteEngine "BrainFish_180113_x64_CTG"]
[BlackEngine "BugChess2.41_Release"]
[EventType "Swiss"]
[WhiteTeam ""]
[BlackTeam ""]
[PlyCount "198"]
[TimeControl "300+1"]

1. e4 e5 2. Nf3 Nc6 3. Bc4 Bc5 4. c3 Nf6 5. d3 O-O 6. O-O d6 7. h3 a5 8. Nbd2 h6 
9. Re1 Be6 10. b3 Bb6 11. Bb5 Ba7 12. Rb1 Ne7 13. d4 Ng6 14. Qc2 Nh5 
15. Bf1 Nhf4 16. Nc4 f5 17. g3 fxe4 18. gxf4 Nxf4 19. Qxe4 Nxh3+ 20. Bxh3 Bxh3 
21. Bxh6 Qf6 22. Be3 Qxf3 23. Qxf3 Rxf3 24. dxe5 d5 25. Nd2 Rf5 26. Bxa7 Rxa7 
27. Re3 Rg5+ 28. Rg3 Rxg3+ 29. fxg3 Ra8 30. Nf3 Bg4 31. Nd4 Re8 32. Re1 b6 
33. Kg2 Kf7 34. Rf1+ Kg8 35. Re1 Kf7 36. Rf1+ Ke7 37. Rf4 Bd7 38. Nf3 Be6 
39. Kf2 c5 40. Ke3 Rh8 41. Rh4 Rb8 42. a3 Bf5 43. Ng5 Bg6 44. Rg4 Bc2 
45. Rf4 Rf8 46. Rxf8 Kxf8 47. b4 axb4 48. axb4 Ke7 49. bxc5 bxc5 50. Nf3 Bf5 
51. Kf4 Bd3 52. Ke3 Bg6 53. Ng5 Be8 54. Nf3 Bf7 55. Ng5 Be6 56. Kd3 Bd7 
57. Ke3 Be6 58. Nf3 Bf5 59. Ng5 Bd7 60. Kd2 Bb5 61. Ke3 Bc6 62. Kd3 Kd7 
63. Kd2 Ba4 64. Kd3 Bd1 65. Ke3 Bb3 66. Kf4 Bc2 67. Ke3 Bd1 68. Kf4 Bb3 
69. Kf5 Bc2+ 70. Kf4 Bb1 71. Nf3 Ke6 72. Ng5+ Kd7 73. Nf3 Be4 74. Ng5 Bd3 
75. Ke3 Bc4 76. Nf3 Ke6 77. Kf4 Bb5 78. Ng5+ Ke7 79. Nf3 Kd7 80. Nd2 Ba4 
81. Nf3 Bb5 82. Ng5 Ke7 83. Nf3 Bd7 84. Ng5 Ba4 85. Nf3 Ke6 86. Ng5+ Ke7 
87. Kf3 Bb3 88. Kf4 Bc2 89. Kf3 Bd1+ 90. Kf4 Kd7 91. Ke3 Ke7 92. Kf4 Bb3 
93. Nf3 Kd7 94. Ng5 Bc2 95. Ke3 Bd1 96. Kf4 Ke7 97. Ke3 Bg4 98. Kf4 Be6 
99. Nf3 Bf5 1/2-1/2

[Event "Thursday Night Engine Tour 11 Rd Swiss 5m+1s Starts at 2200hrs ST"]
[Site "Infinity Chess"]
[Date "2018.1.18"]
[Round "8"]
[White "incredible"]
[Black "ocirema"]
[Result "1/2-1/2"]
[ECO "D35"]
[WhiteElo "2505"]
[BlackElo "2487"]
[WhiteEngine "Stockfish_x64_bmi2"]
[BlackEngine "stockfish_18011309_x64_modern_CTG"]
[EventType "Swiss"]
[WhiteTeam ""]
[BlackTeam ""]
[PlyCount "245"]
[TimeControl "300+1"]

1. d4 d5 2. c4 e6 3. Nc3 Nf6 4. cxd5 exd5 5. Bg5 c6 6. e3 Be7 7. Bd3 O-O 
8. Nf3 Nbd7 9. Qc2 Re8 10. O-O Nf8 11. h3 Be6 12. Rab1 a5 13. a3 N6d7 
14. Bf4 Ng6 15. Bh2 Nb6 16. Rfe1 Bd6 17. Bxd6 Qxd6 18. Ng5 Bd7 19. Qb3 Qe7 
20. Nf3 Qd8 21. Ne2 Ne7 22. Qc2 g6 23. b4 Bf5 24. Ne5 Bxd3 25. Qxd3 Qc7 
26. Rec1 axb4 27. Rxb4 Nbc8 28. Qb3 Nd6 29. Nc3 Qa5 30. Ra4 Qd8 31. Rxa8 Qxa8 
32. Qb4 Qd8 33. a4 Kg7 34. a5 Qc7 35. Na4 Ra8 36. Nb6 Rd8 37. Nd3 h5 38. Nc5 Kh8 
39. Nba4 Ra8 40. Nb6 Rd8 41. Qb1 Kh7 42. Qb2 Kg8 43. Rb1 Nb5 44. Ra1 Nf5 
45. Nd3 Nbd6 46. Rc1 Ne7 47. Nc5 Kh7 48. Ra1 Nb5 49. Nd3 Nd6 50. Qc1 Ne4 
51. Nc5 Nxc5 52. Qxc5 Kh6 53. Rc1 Kg7 54. Rb1 Nf5 55. Rc1 Ne7 56. Ra1 Nf5 
57. Rb1 Ne7 58. Qb4 Nf5 59. Rc1 Kh6 60. Qc5 Ne7 61. g3 Kh7 62. h4 Kg8 
63. Rc3 Kh7 64. Rc1 Kg7 65. Kf1 Kh7 66. Rc2 Kg7 67. Kg2 Kg8 68. Rb2 Nf5 
69. Rc2 Ne7 70. Rc3 Kg7 71. Qb4 Nf5 72. Qc5 Qb8 73. Rb3 Qc7 74. Ra3 Kh7 
75. Rc3 Qb8 76. Rb3 Qc7 77. Rb1 Kg7 78. Rc1 Ne7 79. Kg1 Kg8 80. Kh2 Kg7 
81. Re1 Nf5 82. Kg2 Kh7 83. Rd1 Qb8 84. Ra1 Kg7 85. Re1 Qc7 86. Rc1 Qb8 
87. Qc3 Qc7 88. Qb4 Rd6 89. Na4 Re6 90. Qe1 Re8 91. Nc5 Ra8 92. Ra1 Qc8 
93. Kh2 Nd6 94. Qb1 Qc7 95. Kg2 Ra7 96. a6 bxa6 97. Rxa6 Rxa6 98. Nxa6 Qd7 
99. Qb8 Qe7 100. Nc5 Ne4 101. Nd3 Nd6 102. Nc5 Ne4 103. Qb7 Qf6 104. Nxe4 dxe4 
105. Kg1 Qe6 106. Qc7 Qd5 107. Kg2 Qe6 108. Kg1 Qf6 109. Qc8 Qe6 110. Qa8 Kh7 
111. Qa5 Qg4 112. Qa4 g5 113. hxg5 h4 114. Qxc6 Qd1+ 115. Kg2 Qf3+ 116. Kf1 hxg3 
117. Qf6 g2+ 118. Kg1 Qd1+ 119. Kxg2 Qg4+ 120. Kf1 Qd1+ 121. Kg2 Qg4+ 
122. Kf1 Qd1+ 123. Kg2 1/2-1/2

[Event "Thursday Night Engine Tour 11 Rd Swiss 5m+1s Starts at 2200hrs ST"]
[Site "Infinity Chess"]
[Date "2018.1.18"]
[Round "8"]
[White "neófito"]
[Black "Zor"]
[Result "1/2-1/2"]
[ECO "B90"]
[WhiteElo "2497"]
[BlackElo "2584"]
[WhiteEngine "BrainFish_180113_x64_bmi2"]
[BlackEngine "Cryptic AIL V1"]
[EventType "Swiss"]
[WhiteTeam ""]
[BlackTeam ""]
[PlyCount "62"]
[TimeControl "300+1"]

1. e4 c5 2. Nf3 d6 3. d4 cxd4 4. Nxd4 Nf6 5. Nc3 a6 6. Be3 e5 7. Nf3 Be7 
8. Bc4 O-O 9. O-O Be6 10. Bxe6 fxe6 11. Na4 Ng4 12. Qd3 Nxe3 13. Qxe3 b5 
14. Nb6 Ra7 15. Nd5 Rb7 16. Nxe7+ Qxe7 17. Rad1 Nd7 18. Rd2 Rfb8 19. Rfd1 Rb6 
20. c3 a5 21. h3 h6 22. a3 Ra6 23. Qe2 Rc6 24. Ne1 Nc5 25. Kh2 Qc7 26. Rc2 Nd7 
27. Nd3 Rf8 28. Ne1 Qb6 29. Nd3 Qc7 30. Ne1 Rb8 31. Nd3 Rf8 1/2-1/2

[Event "Thursday Night Engine Tour 11 Rd Swiss 5m+1s Starts at 2200hrs ST"]
[Site "Infinity Chess"]
[Date "2018.1.18"]
[Round "7"]
[White "Dovahkiin"]
[Black "RonWeasley"]
[Result "1/2-1/2"]
[ECO "A00"]
[WhiteElo "2437"]
[BlackElo "2473"]
[WhiteEngine "BrainFish_180113_x64_modern_CTG"]
[BlackEngine "BrainFish 130117_CTG"]
[EventType "Swiss"]
[WhiteTeam ""]
[BlackTeam ""]
[PlyCount "69"]
[TimeControl "300+1"]

1. e3 e5 2. e4 Nf6 3. Nc3 Bc5 4. Bc4 c6 5. Nf3 d6 6. d3 Bb6 7. O-O O-O 8. a4 a5 
9. h3 h6 10. Be3 Bxe3 11. fxe3 Be6 12. Bxe6 fxe6 13. d4 Nbd7 14. b3 Qb6 
15. Qd2 Rae8 16. Rad1 exd4 17. exd4 e5 18. Rfe1 exd4 19. Qxd4 Qb4 20. Qxb4 axb4 
21. Rxd6 bxc3 22. e5 Nxe5 23. Nxe5 Nd5 24. Nd3 Rxe1+ 25. Nxe1 Ne3 26. Nf3 Nxc2 
27. Rd3 Nb4 28. Rxc3 Nd5 29. Rc4 Re8 30. Kf2 Re3 31. Nd2 Rd3 32. Ke2 Re3+ 
33. Kf2 Rd3 34. Ke2 Re3+ 35. Kf2 1/2-1/2